 Dungeon Crawl Stone Soup version 0.29-a0-25-g7f48f510a0 (webtiles) character file.

Game seed: 3882978572497627803

8 Orangeyouglad the Grasshopper (level 2, -4/15 HPs)
             Began as a Spriggan Warper on Jan 31, 2022.
             Slain by a gnoll (10 damage)
             ... on level 1 of the Dungeon.
             The game lasted 00:02:39 (691 turns).

Orangeyouglad the Grasshopper (Spriggan Warper)      Turns: 691, Time: 00:02:39

Health: -4/15      AC:  2    Str:  7    XL:     2   Next: 0%
Magic:  6/6        EV: 17    Int: 14    God:
Gold:   16         SH:  0    Dex: 14    Spells: 4/6 levels left

rFire   . . .      SeeInvis +   a - +0 short sword
rCold   . . .      Faith    .   (no shield)
rNeg    . . .      Spirit   .   b - +0 robe
rPois   .          Reflect  .   (helmet restricted)
rElec   .          Harm     .   (no cloak)
rCorr   .          Rampage  .   (gloves unavailable)
Will    .....                   (boots unavailable)
Stlth   +.........              (no amulet)
HPRegen 0.05/turn               (no ring)
MPRegen 0.10/turn               (no ring)

@: very quick
A: very small, no large weapons, unfitting armour, see invisible, speed 3
a: no special abilities


You were on level 1 of the Dungeon.
You visited 1 branch of the dungeon, and saw 1 of its levels.

You collected 16 gold pieces.

Inventory:

Hand Weapons
 a - a +0 short sword (weapon)
Missiles
 d - 5 boomerangs of dispersal (quivered)
Armour
 b - a +0 robe (worn)
Scrolls
 c - a scroll of blinking
 f - a scroll of magic mapping {unknown}
Potions
 e - 2 potions of heal wounds {unknown}
 g - a potion of attraction {unknown}


   Skills:
 + Level 1.7 Fighting
 + Level 2.3 Short Blades
 + Level 1.2 Throwing
 + Level 3.3 Dodging
 + Level 2.8 Spellcasting
 + Level 4.5 Translocations


You had 4 spell levels left.
You knew the following spells:

 Your Spells              Type           Power      Damage    Failure   Level
a - Blink                 Tloc           28%        N/A       4%          2

Your spell library contained the following spells:

 Spells                   Type           Power      Damage    Failure   Level
 Gell's Gravitas          Tloc           14%        N/A       10%         3
 Lesser Beckoning         Tloc           14%        N/A       10%         3
 Teleport Other           Tloc           14%        N/A       10%         3
 Manifold Assault         Tloc           14%        N/A       67%         5


Dungeon Overview and Level Annotations

Branches:
Dungeon (1/15)

Altars:


Innate Abilities, Weirdness & Mutations

You are very small and have problems with some larger weapons.
You are too small for most types of armour.
You have supernaturally acute eyesight. (SInv)
You cover ground extremely quickly. (Speed+++)


Message History

You kill the kobold!
Things that are here:
a +0 whip; a kobold corpse
Found a hand axe.
You now have 16 gold pieces.
You see here a +0 leather armour.
A hobgoblin is nearby!
Found a scroll labelled ZAOCKOFION.
The hobgoblin misses you.
The ball python hisses angrily.
You hit the hobgoblin.
The hobgoblin is almost dead.
You hit the hobgoblin.
You kill the hobgoblin!
The ball python bites you but does no damage.
The ball python barely misses you.
You hit the ball python.
You kill the ball python!
You have reached level 2!
Memorise Blink, consuming 2 spell levels and leaving 4?
You start memorising the spell.
You continue memorising. x2
You finish memorising.
Spell assigned to 'a'.
The teleport trap disappears.
The kobold disappears!
Press: ? - help, v - describe, . - travel
Here: a kobold, wielding a +2 vampiric short sword The floor.
You hit the kobold.
The kobold is moderately wounded.
The kobold completely misses you.
You barely miss the kobold.
The kobold is moderately wounded.
The kobold hits you with a +2 vampiric short sword!
The kobold draws strength from your wounds!
You hit the kobold but do no damage. Your punch misses the kobold.
The kobold hits you with a +2 vampiric short sword.
You see here a +0 club.
The gnoll shouts!
The gnoll barely misses you. The gnoll hits you with a +0 spear!
Ouch! That really hurt!
You die...

#.........##.# #.# ##
#.........##K# #.# #.
####'#######.## #.# ##
#.# #..# #.# #.# ##.#
#.# #.# #.# #.# #.# #.#
#.# #.# #.## #.#
#######.########@.# #.#
..........K.....g.###.#
#######.########...##.#
..K.....# #.#.##.#
........########.#.##.#
......................#
.)......######.###..#.#
#######.#### #. ##.#.#
#....# # #...#


You could see a gnoll and 2 kobolds.

Vanquished Creatures
  A dart slug (D:1)
  A goblin (D:1)
  A hobgoblin (D:1)
  A kobold (D:1)
  A ball python (D:1)
  A bat (D:1)
6 creatures vanquished.

Vanquished Creatures (others)
  2 plants (D:1)
2 creatures vanquished.

Grand Total: 8 creatures vanquished

Notes
Turn   | Place    | Note
-------+----------+-------------------------------------------
     0 | D:1      | Orangeyouglad the Spriggan Warper began the quest for the
                  | Orb.
     0 | D:1      | Reached XP level 1. HP: 10/10 MP: 5/5
   616 | D:1      | Reached XP level 2. HP: 13/15 MP: 6/6
   633 | D:1      | Learned a level 2 spell: Blink
   691 | D:1      | Slain by a gnoll

Illustrated notes

Levels and vault maps discovered:
D:1:      saegor_arrival_simple_e, layout_basic,
          hellmonk_ecumenical_altar_leap_of_faith, minmay_misc_feat_doors,
          nicolae_grassy_gnolls

Action                   || total
-------------------------++-------
Melee: Short sword       ||    36
       Punch             ||     1
 Stab: Sleeping          ||     1
Armor: Robe              ||     7
Dodge: Dodged            ||    32

Table legend: (Time is in decaauts)
 A = Elapsed time spent in this place.
 B = Non-inter-level travel time spent in this place.
 C = Inter-level travel time spent in this place.
 D = Time resting spent in this place.
 E = Time spent auto-exploring this place.
 F = Levels seen in this place.
 G = Mean time per level.
                   A        B        C        D        E       F      G
               +--------+--------+--------+--------+--------+-----+--------+
         Total |    469 |    469 |      0 |      0 |    156 |   1 |  469.0 |
       Dungeon |    469 |    469 |      0 |      0 |    156 |   1 |  469.0 |
               +--------+--------+--------+--------+--------+-----+--------+

Top non-repeatable levels by time:
     D:1: 469 daAuts
